 Dungeon Crawl Stone Soup version 0.17.1-3-g152610e (webtiles) character file.

1737 Miyamura the Skirmisher (level 9, -2/92 HPs)
             Began as an Ogre Hunter on Mar 19, 2016.
             Was a Believer of Okawaru.
             Slain by bollicks1999's ghost (18 damage)
             ... on level 5 of the Dungeon.
             The game lasted 00:30:42 (11445 turns).

Miyamura the Skirmisher (Ogre Hunter)              Turns: 11445, Time: 00:30:42

Health: -2/92      AC:  5    Str: 21      XL:     9   Next: 5%
Magic:  9/9        EV: 11    Int:  9 (10) God:    Okawaru [**....]
Gold:   143        SH:  0    Dex: 10 (11) Spells: 0 memorised, 8 levels left

rFire  . . .     SeeInvis .     f - +1 whip
rCold  . . .     Clarity  .     b - +0 robe
rNeg   + + .     SustAt   .     (no shield)
rPois  .         Gourm    .     (helmet restricted)
rElec  .         Spirit   .     s - +1 cloak
rCorr  .         Warding  .     (gloves unavailable)
rMut   .         Stasis   .     (boots unavailable)
MR     .....                    (no amulet)
Stlth  ++........               l - ring of positive energy
                                u - ring of positive energy

@: about to teleport, not resistant to hostile enchantments, unstealthy
A: unfitting armour, blink, deterioration 1, tough skin 1, subdued magic 1
a: Blink, Heroism, Renounce Religion


You were on level 5 of the Dungeon.
You worshipped Okawaru.
Okawaru was pleased with you.
You were not hungry.

You visited 2 branches of the dungeon, and saw 7 of its levels.

You collected 224 gold pieces.
You spent 81 gold pieces at shops.

Inventory:

Hand Weapons
 f - a +1 whip (weapon)
 r - a +4 quarterstaff of chaos
Missiles
 j - a throwing net (quivered)
 p - 13 poisoned needles
Armour
 b - a +0 robe (worn)
 s - a +1 cloak (worn)
Jewellery
 a - the ring "Denoem" {rPois rN+ Str+3 Dex-5 Slay+5, unknown}
   (You took it off an orc on level 4 of the Dungeon)

   [ring of strength]

   It affects your strength (+3).
   It affects your dexterity (-5).
   It affects your accuracy and damage with ranged weapons and melee attacks
   (+5).
   It protects you from poison.
   It protects you from negative energy.
 c - a cursed ring of loudness {unknown}
 l - a ring of positive energy (right hand)
 u - a ring of positive energy (left hand)
Wands
 k - a wand of paralysis (13)
 n - a wand of teleportation (2)
 o - a wand of digging (9)
 q - a wand of enslavement (9)
Scrolls
 i - 5 scrolls of fog
 t - a scroll of enchant weapon
 v - a scroll of torment
Potions
 d - 2 potions of curing
 h - 2 potions of resistance
Comestibles
 e - 3 bread rations
 w - a meat ration


   Skills:
 + Level 6.9 Fighting
 + Level 6.6 Maces & Flails
 + Level 6.4 Throwing
 + Level 4.9 Dodging
 + Level 4.4 Stealth


You had 8 spell levels left.
You didn't know any spells.

Dungeon Overview and Level Annotations

Branches:
Dungeon (6/15)             Temple (1/1) D:4

Altars:
Ashenzari
Cheibriados
Dithmenos
Elyvilon
Fedhas
Gozag
Makhleb
Nemelex Xobeh
Okawaru
Qazlal
Ru
Vehumet
Xom
Yredelemnul
Zin
Jiyva

Shops:
D:5 *

Annotations:
D:5 Eustachio; bollicks1999's ghost, novice MiFi


Innate Abilities, Weirdness & Mutations

You are too large for most types of armour.
You have tough skin (AC +1).
You can translocate small distances at will.
Your body sometimes deteriorates upon taking damage.
Your spells are a little easier to cast, but a little less powerful.


Message History

The orc warrior hits you with a mace!!
* * * LOW HITPOINT WARNING * * *
There is an open door here.
There is a stone staircase leading up here.
You climb upwards.
Level annotation: Eustachio; bollicks1999's ghost, novice MiFi Bollicks1999's ghost hits you!
* * * LOW HITPOINT WARNING * * *
There is a stone staircase leading down here.
The deep elf fighter shouts!
The deep elf fighter gestures at you while chanting.
The magic dart hits you!
* * * LOW HITPOINT WARNING * * *
Evoke which item? (* to show all) (? for menu, Esc to quit)
Zapping:
n - a wand of teleportation (3)
Press: ? - help, Shift-Dir - straight line, f - you You feel strangely unstable.
This wand has 2 charges left.
The orc warrior shouts!
Bollicks1999's ghost hits you!!
You die...

#.######## #.#####
#.....# #.###.###
....e.......##
#...g........####
#......###......#
#......#^#..e...###
#......###..o...@.#
#...............#W#
#.......5.......#.#
#.l...lr§).....e#.#
#5{..###.#####.##.#
##.### #........#.#
##.##############.#
................>.#
.#.#......#.......#


You could see an orc warrior, 2 deep elf fighters and bollicks1999's ghost.

Vanquished Creatures
  2 ice beasts
  2 phantoms (D:4)
  An ogre (D:5)
  A centaur (D:5)
  A giant frog (D:6)
  A scorpion (D:4)
  A wight (D:4)
  A crimson imp (D:4)
  4 orc priests (D:4)
  7 orc wizards
  Crazy Yiuf (D:3)
  3 giant frog skeletons
  Ijyb (D:3)
  A jelly (D:6)
  5 worker ants
  Natasha (thrice) (D:2)
  An iguana (D:6)
  A hound skeleton (D:5)
  The ghost of pipel the Ruffian, a weakling VSMo (D:4)
  Robin (D:2)
  A river rat (D:4)
  9 adders
  8 gnolls
  2 shadow imps
  2 oozes
  3 worms
  A giant gecko (D:5)
  26 orcs
  2 ball pythons
  7 bats
  7 giant cockroaches
  14 hobgoblins
  4 jackals
  3 quokkas
  9 giant newts
  10 goblins
  3 kobolds
  11 rats
161 creatures vanquished.

Notes
Turn   | Place    | Note
--------------------------------------------------------------
     0 | D:1      | Miyamura the Ogre Hunter began the quest for the Orb.
     0 | D:1      | Reached XP level 1. HP: 22/22 MP: 1/1
   223 | D:1      | Reached XP level 2. HP: 31/31 MP: 2/2
   696 | D:1      | Reached skill level 1 in Maces & Flails
   954 | D:2      | Noticed Natasha
  1158 | D:2      | Killed Natasha
  1158 | D:2      | Reached skill level 1 in Stealth
  1158 | D:2      | Reached XP level 3. HP: 37/37 MP: 3/3
  1247 | D:2      | Noticed Natasha
  1442 | D:2      | Found a shadowy altar of Dithmenos.
  1600 | D:2      | Reached XP level 4. HP: 41/45 MP: 4/4
  1695 | D:2      | Found a snail-covered altar of Cheibriados.
  1697 | D:2      | Found a basalt altar of Yredelemnul.
  1697 | D:2      | Found a sacrificial altar of Ru.
  1697 | D:2      | Found a shimmering altar of Xom.
  1697 | D:2      | Found an iron altar of Okawaru.
  1710 | D:2      | Became a worshipper of Warmaster Okawaru
  1957 | D:2      | Killed Natasha
  2365 | D:2      | Noticed Natasha
  2365 | D:2      | Killed Natasha
  2969 | D:3      | Reached XP level 5. HP: 41/54 MP: 5/5
  3125 | D:3      | Noticed Ijyb
  3143 | D:3      | Noticed Robin
  3378 | D:2      | Killed Robin
  3719 | D:3      | Found a burning altar of Makhleb.
  3849 | D:3      | Noticed Crazy Yiuf
  3855 | D:3      | Killed Crazy Yiuf
  4282 | D:3      | Killed Ijyb
  4282 | D:3      | Reached XP level 6. HP: 62/62 MP: 6/6
  4620 | D:3      | Reached * piety under Okawaru
  4780 | D:4      | Reached skill level 5 in Throwing
  4943 | D:4      | Noticed pipel's ghost (weakling VSMo)
  4959 | D:4      | Killed pipel's ghost
  5272 | D:4      | Reached XP level 7. HP: 58/71 MP: 7/7
  5594 | D:4      | Reached skill level 5 in Fighting
  5867 | D:4      | Found a staircase to the Ecumenical Temple.
  6055 | Temple   | Entered the Ecumenical Temple
  6613 | D:4      | Reached skill level 5 in Maces & Flails
  6783 | D:5      | Entered Level 5 of the Dungeon
  6889 | D:5      | Noticed bollicks1999's ghost (novice MiFi)
  7346 | D:5      | Noticed a deep elf fighter
  7346 | D:5      | Noticed a deep elf fighter
  7346 | D:5      | Noticed Eustachio
  7372 | D:4      | Reached XP level 8. HP: 81/81 MP: 8/8
  7393 | D:5      | Gained mutation: Your spells are a little easier to cast, but a little less powerful. [potion of mutation]
  7393 | D:5      | Gained mutation: Your body sometimes deteriorates upon taking damage. [potion of mutation]
  7393 | D:5      | Gained mutation: You can translocate small distances at will. [potion of mutation]
  8247 | D:5      | Found an opulent altar of Gozag.
  8669 | D:5      | Reached ** piety under Okawaru
  8669 | D:5      | Reached skill level 6 in Fighting
  9925 | D:5      | Found Zoemaozu's Assorted Antiques.
  9937 | D:5      | Bought a scroll labeled TEOKLIUD DAYDYREIS for 27 gold pieces
  9937 | D:5      | Bought a scroll labeled ZUBY EMNAAROSS for 27 gold pieces
  9937 | D:5      | Bought a scroll labeled ZUBY EMNAAROSS for 27 gold pieces
 10331 | D:4      | Got a smoking ivory ring
 11225 | D:6      | Reached XP level 9. HP: 67/92 MP: 9/9
 11445 | D:5      | Slain by bollicks1999's ghost

Action                   |  1- 3 |  4- 6 |  7- 9 || total
-------------------------+-------+-------+-------++-------
Melee: Whip              |    53 |   290 |   562 ||   905
       Short sword       |     4 |       |       ||     4
Throw: Large rock        |     5 |    23 |    34 ||    62
       Throwing net      |       |     4 |     4 ||     8
Invok: Heroism           |       |       |     1 ||     1
Evoke: Wand              |       |     4 |     1 ||     5
  Use: Scroll            |     4 |     6 |     4 ||    14
       Potion            |     1 |     2 |    10 ||    13
 Stab: Sleeping          |     2 |       |     3 ||     5
       Invisible         |       |       |     2 ||     2
       Held in net/web   |       |       |     2 ||     2
  Eat: Chunk             |     2 |    12 |    14 ||    28
       Meat ration       |       |       |     1 ||     1
       Pizza             |       |       |     1 ||     1
